AoeStats
← ferderder1

Arabia

510080264Analyzed
1v1 RM · 2d ago on Sep 29, 2026· 74m 20s· 2 players
Game mode
Random Map
Map size
Tiny (2 player)
Population
200
Speed
Normal
Resources
Standard
Victory
Conquest
Starting age
Dark Age
Ending age
Imperial Age
RankedLock teamsTeams togetherTeam positionsShared explorationLock speedFull tech treeHidden civsTurbo modeCheats
Victory
Defeat
🇷🇴 Danes · Romania
886
+18
🇪🇸 Byzantines · Spain
925
-18
CeramicGoose42
7:01 Loom
13:07 Feudal Age
13:21 Man-at-Arms
14:02 Town Watch
14:55 Forging
15:14 Double-Bit Axe
15:11 Horse Collar
17:40 Wheelbarrow
22:15 Castle Age
20:14 Gold Mining
20:58 Scale Mail Armor
22:19 Pikeman
26:40 Bow Saw
27:42 Hand Cart
29:54 Town Patrol
30:23 Squires
31:00 Chain Mail Armor
36:27 Fletching
36:38 Padded Archer Armor
36:57 Elite Skirmisher
37:47 Thumb Ring
43:36 Imperial Age
43:07 Bodkin Arrow
43:51 Iron Casting
42:53 Hamask
48:37 Blast Furnace
49:10 Plate Mail Armor
48:41 Bracer
55:57 Bracer
ferderder1
3:51 Loom
11:04 Feudal Age
11:53 Double-Bit Axe
17:33 Castle Age
15:50 Horse Collar
17:41 Gold Mining
19:03 Forging
18:59 Scale Barding Armor
20:18 Husbandry
25:07 Wheelbarrow
25:48 Bow Saw
25:53 Fletching
27:42 Padded Archer Armor
29:28 Bodkin Arrow
30:24 Gold Shaft Mining
30:07 Heavy Plow
33:02 Ballistics
37:39 Imperial Age
37:19 Leather Archer Armor
40:42 Bracer
44:51 Conscription
45:33 Ring Archer Armor
46:36 Heavy Cavalry Archer
50:25 Chemistry
51:54 Thumb Ring
52:10 Light Cavalry
53:30 Chain Barding Armor
54:42 Hussar
56:34 Iron Casting
58:11 Plate Barding Armor
63:45 Hand Cart
73:37 Two-Man Saw
Connection lost

Rejoining the realm…

Still unreachable

The connection could not be restored.

Session expired

The server has moved on; the page needs a fresh start.